 Dungeon Crawl Stone Soup version 0.19-a0-606-gee5277e (webtiles) character file.

79 TheGoonsmith the Firebug (level 4, -12/24 HPs)
             Began as a Gargoyle Fire Elementalist on June 12, 2016.
             Was an Initiate of Cheibriados.
             Mangled by an ogre
             ... wielding a +0 giant spiked club
              (17 damage)
             ... on level 3 of the Dungeon.
             The game lasted 00:02:40 (1648 turns).

TheGoonsmith the Firebug (GrFE)                     Turns: 1648, Time: 00:02:41

Health: -12/24     AC: 10    Str: 18    XL:     4   Next: 37%
Magic:  1/7        EV: 12    Int: 17    God:    Cheibriados [......]
Gold:   147        SH:  0    Dex: 11    Spells: 2 memorised, 3 levels left

rFire  . . .     SeeInvis .     e - +0 club
rCold  . . .     Gourm    .     a - +0 robe
rNeg   + . .     Faith    .     (no shield)
rPois  ∞         Spirit   .     t - +2 hat
rElec  +         Dismiss  .     (no cloak)
rCorr  .         Reflect  .     (no gloves)
SustAt .         Harm     .     o - +2 pair of boots
MR     .....                    (no amulet)
Stlth  ++........               (no ring)
                                n - +5 ring of strength

@: very slightly contaminated, very slow, not resistant to hostile enchantments,
unstealthy
A: negative energy resistance 1, electricity resistance, unbreathing,
petrification resistance, rot immunity, AC +3
a: Bend Time, Renounce Religion


You were on level 3 of the Dungeon.
You worshipped Cheibriados.
Cheibriados was noncommittal.
You were hungry.

You visited 1 branch of the dungeon, and saw 3 of its levels.

You collected 147 gold pieces.

Inventory:

Hand Weapons
 e - a +0 club (weapon)
Armour
 a - a +0 robe (worn)
 o - a +2 pair of boots (worn)
 t - a +2 hat (worn)
Jewellery
 n - a +5 ring of strength (left hand)
Scrolls
 d - a scroll of fog {unknown}
 g - a scroll of amnesia {unknown}
 j - 2 scrolls of identify {unknown}
 m - a scroll of random uselessness {unknown}
 r - 4 scrolls of enchant armour {unknown}
 u - a scroll of recharging {unknown}
Potions
 h - 2 potions of lignification {unknown}
 i - 3 potions of heal wounds {unknown}
 k - 4 potions of curing {unknown}
 l - a potion of berserk rage {unknown}
 s - a potion of brilliance {unknown}
 w - a potion of agility {unknown}
Books
 b - a book of Flames

   Spells                             Type                      Level
   a - Flame Tongue                   Conjuration/Fire             1
   b - Throw Flame                    Conjuration/Fire             2
   c - Conjure Flame                  Conjuration/Fire             3
   d - Inner Flame                    Hexes/Fire                   3
   e - Sticky Flame                   Conjuration/Fire             4
   f - Fireball                       Conjuration/Fire             5
Comestibles
 c - 3 bread rations
 f - 4 fruits
 p - a beef jerky
 q - 2 meat rations
 v - a royal jelly


   Skills:
 - Level 1.5 Dodging
 - Level 2.1 Stealth
 + Level 2.4 Spellcasting
 * Level 3.3 Conjurations
 + Level 3.6 Fire Magic


You had 3 spell levels left.
You knew the following spells:

 Your Spells              Type           Power        Failure   Level  Hunger
a - Flame Tongue          Conj/Fire      ##...        4%          1    #......
b - Conjure Flame         Conj/Fire      ##......     14%         3    ###....


Dungeon Overview and Level Annotations

Branches:
Dungeon (3/15)

Altars:
Cheibriados
Okawaru


Innate Abilities, Weirdness & Mutations

You are resistant to torment.
Your stone body is resilient. (AC +3)
You are immune to poison.
You resist negative energy. (rN+)
You are resistant to electric shocks. (rElec)
You can survive without breathing.
You are immune to petrification.
You are immune to rotting.


Message History

Confirm with . or Enter, or press ? or * to list all spells.
Aiming: Flame Tongue
Press: ? - help, Shift-Dir - straight line, f/p - ogre
Aim: an ogre, wielding a giant spiked club (moderately wounded)
The flame tongue hits the ogre.
The ogre is moderately wounded.
The ogre hits you with a giant spiked club!!
Ouch! That really hurt!
* * * LOW HITPOINT WARNING * * *
Casting: Flame Tongue
Confirm with . or Enter, or press ? or * to list all spells.
Aiming: Flame Tongue
Press: ? - help, Shift-Dir - straight line, f/p - ogre
Aim: an ogre, wielding a giant spiked club (moderately wounded)
The flame tongue hits the ogre.
The ogre is heavily wounded.
You are feeling hungry.
The ogre hits you with a giant spiked club!
Ouch! That really hurt!
You die...

###################
..................#
#####...####......#
#####...####......###.#
....'...'..>...O@.....#
#####...###........####
##### #...<....#
#.......##
###########..######
..............#
###########...######
#...............#
#.......[...†...#


You could see an ogre.

Vanquished Creatures
  3 adders (D:2)
  A dart slug (D:1)
  2 giant geckos
  A giant cockroach (D:2)
  10 goblins
  6 hobgoblins
  2 jackals (D:3)
  3 kobolds (D:1)
  2 quokkas (D:2)
  A ball python (D:1)
  4 bats
  A giant newt (D:2)
  9 rats
45 creatures vanquished.

Notes
Turn   | Place    | Note
--------------------------------------------------------------
     0 | D:1      | TheGoonsmith the Gargoyle Fire Elementalist began the quest for the Orb.
     0 | D:1      | Reached XP level 1. HP: 10/10 MP: 3/3
   218 | D:1      | Reached XP level 2. HP: 15/15 MP: 3/5
   516 | D:1      | Found an iron altar of Okawaru.
   643 | D:1      | Reached XP level 3. HP: 10/19 MP: 1/6
   888 | D:2      | Found a snail-covered altar of Cheibriados.
   953 | D:2      | Became a worshipper of Cheibriados the Contemplative
  1015 | D:2      | Reached XP level 4. HP: 24/24 MP: 2/7
  1571 | D:3      | Learned a level 3 spell: Conjure Flame
  1640 | D:3      | Noticed an ogre
  1648 | D:3      | Mangled by an ogre

Vault maps used:
D:1:      erik_arrival_triangle_large, minmay_strange_pillars,
          okawaru_ov_weapons_minmay
D:2:      cheibriados_altar_1
D:3:      gammafunk_temple_overflow_wave, first_bread, grunt_decor_resistance

Skill      XL: |  1  2  3 |
---------------+----------+-----
Conjurations   | 2 3 |  3.3
Dodging        | |  1.5
Stealth        | |  2.1
Spellcasting   | |  2.4
Fire Magic     | |  3.6

Action                   |  1- 3 |  4- 6 || total
-------------------------+-------+-------++-------
 Cast: Flame Tongue      |    48 |    23 ||    71
  Eat: Chunk             |     1 |     2 ||     3
Armor: Robe              |     1 |     2 ||     3
Dodge: Dodged            |     4 |     2 ||     6
